 Dungeon Crawl Stone Soup version 0.26.0-18-gc5c842f807 (webtiles) character file.

Game seed: 17636744555431736428

440 thiole the Sneak (level 7, -4/41 HPs)
             Began as an Octopode Hedge Wizard on Jan 24, 2021.
             Was an Initiate of Gozag.
             Slain by an ice beast (13 damage)
             ... on level 7 of the Dungeon.
             The game lasted 00:27:40 (6656 turns).

thiole the Sneak (Octopode Hedge Wizard)            Turns: 6656, Time: 00:27:41

Health: -4/41      AC:  1    Str:  9    XL:     7   Next: 2%
Magic:  2/13       EV: 14    Int: 18    God:    Gozag
Gold:   273        SH:  0    Dex: 18    Spells: 6/14 levels left

rFire    . . .     SeeInvis .   a - +0 dagger
rCold    . . .     Faith    .   (no shield)
rNeg     . . .     Spirit   .   b - +0 hat
rPois    .         Reflect  .   s - amulet of regeneration
rElec    .         Harm     .   n - ring of willpower
rCorr    .         Rampage  .   q - +6 ring of dexterity
Will     +....                  (no ring)
Stlth    ++++......             (no ring)
HPRegen  0.53/turn              (no ring)
MPRegen  0.13/turn              (no ring)
                                (no ring)
                                (no ring)

@: berserk cooldown, slowed, very slow
A: almost no armour, stealthy swim, amphibious, 8 rings, constrict 8, camouflage
1, gelatinous body 1
a: Renounce Religion, Potion Petition, Call Merchant, Bribe Branch


You were on level 7 of the Dungeon.
You worshipped Gozag.
Gozag was aware of your devotion.
You visited 2 branches of the dungeon, and saw 8 of its levels.

You collected 368 gold pieces.
You paid 95 gold pieces to Gozag.

Inventory:

Hand Weapons
 a - a +0 dagger (weapon)
 t - a cursed +0 dagger
Missiles
 f - 318 stones
Armour
 b - a +0 hat (worn)
Jewellery
 k - an uncursed ring of ice
 m - an uncursed amulet of the acrobat
 n - a ring of willpower (left tentacle)
 q - a +6 ring of dexterity (right tentacle)
 s - an amulet of regeneration (around mantle)
Scrolls
 d - 4 scrolls of magic mapping
 e - a scroll of teleportation {unknown}
 g - 2 scrolls of enchant weapon {unknown}
 h - a scroll of enchant armour {unknown}
 i - 2 scrolls of fog {unknown}
 j - 3 scrolls of blinking {unknown}
 l - 7 scrolls of remove curse {unknown}
 o - 3 scrolls of random uselessness {unknown}
 u - a scroll of amnesia {unknown}
 w - a scroll of immolation {unknown}
 x - a scroll of fear {unknown}
Potions
 c - 4 potions of curing
 p - a potion of brilliance
 v - a potion of might {unknown}
 z - a potion of mutation {unknown}
 B - a potion of magic {unknown}
 C - 2 potions of degeneration {unknown}


   Skills:
 + Level 0.1 Fighting
 + Level 2.0 Dodging
 + Level 4.6 Stealth
 + Level 4.0 Spellcasting
 - Level 4.0 Conjurations
 - Level 2.0 Summonings
 - Level 1.0 Translocations
 * Level 3.3 Air Magic


You had 6 spell levels left.
You knew the following spells:

 Your Spells              Type           Power        Failure   Level
a - Magic Dart            Conj           72%          2%          1
b - Call Imp              Summ           10%          10%         2
c - Slow                  Hex            3%           22%         2
d - Mephitic Cloud        Conj/Pois/Air  12%          16%         3

Your spell library contained the following spells:

 Spells                   Type           Power        Failure   Level
 Corona                   Hex            3%           14%         1
 Blink                    Tloc           N/A          14%         2
 Conjure Flame            Conj/Fire      10%          19%         3
 Dazzling Flash           Conj/Hex       20%          19%         3
 Ensorcelled Hibernation  Hex/Ice        6%           22%         2
 Confusing Touch          Hex            3%           41%         3
 Tukima's Dance           Hex            3%           41%         3


Dungeon Overview and Level Annotations

Branches:
Dungeon (7/15)             Temple (1/1) D:5

Altars:
Elyvilon
Fedhas
Gozag
Sif Muna
Wu Jian
The Shining One

Annotations:
D:6 Eustachio, Maggie, Prince Ribbit


Innate Abilities, Weirdness & Mutations

You cannot wear most types of armour.
You are very stealthy in the water. (Stealth+)
You are amphibious.
You can wear up to eight rings at the same time.
You can use your tentacles to constrict eight enemies at once.
Your skin changes colour to match your surroundings (Stealth+).
Your rubbery body absorbs attacks. (AC +1, EV +1)


Message History

Your white imp closely misses the ice beast.
The ice beast barely misses your white imp.
Your white imp closely misses the ice beast.
The ice beast hits your white imp. The ice beast freezes your white imp.
Your white imp resists.
Your white imp dies!
A red film seems to cover your vision as you go berserk!
You feel yourself moving faster!
You feel mighty!
You feel a strong urge to attack something.
You feel your anger nearly subside.
You are no longer berserk.
You are exhausted.
You feel yourself slow down.
You hit the ice beast but do no damage.
You squeeze the ice beast, but do no damage.
The ice beast is almost dead.
The ice beast barely misses you. The ice beast hits you.
* * * LOW HITPOINT WARNING * * *
The ice beast freezes you!
You die...
Your body crumbles into a pile of gold.

.....'......#
.....#......##
.... ######..## $
... #...##...# ..
#........### $ .
#...######.##
#...##...#..#####
#...##...#......#
#...##...#.@....#
#........#.Y....#
#......>.#......#
#........'......#
######.<.#......+
##...#......#
#....#......#
#....'......#
#....#......+


You could see an ice beast.

Vanquished Creatures
  A big kobold (D:3)
  2 worker ants
  A hound zombie (D:6)
  An adder (D:2)
  An ufetubus (D:5)
  2 dart slugs
  A leopard gecko (D:5)
  An orc (D:4)
  3 giant cockroaches (D:1)
  6 goblins
  7 hobgoblins
  2 jackals (D:2)
  3 quokkas
  A ball python (D:2)
  6 bats
  5 frilled lizards
  15 kobolds
  8 rats
66 creatures vanquished.

Vanquished Creatures (collateral kills)
  Sigmund (D:2)
  Blork the orc (D:6)
  A howler monkey (D:6)
  3 worker ants
  Robin (D:2)
  2 adders
  An orc (D:3)
  A giant cockroach (D:2)
  8 goblins (D:2)
  A hobgoblin (D:2)
  A jackal (D:2)
21 creatures vanquished.

Grand Total: 87 creatures vanquished

Notes
Turn   | Place    | Note
-------+----------+-------------------------------------------
     0 | D:1      | thiole the Octopode Hedge Wizard began the quest for the
                  | Orb.
     0 | D:1      | Reached XP level 1. HP: 11/11 MP: 4/4
   352 | D:1      | Reached XP level 2. HP: 16/17 MP: 1/6
  1135 | D:1      | Reached XP level 3. HP: 19/21 MP: 0/7
  1473 | D:2      | Learned a level 2 spell: Call Imp
  1476 | D:2      | Learned a level 2 spell: Slow
  1480 | D:2      | Learned a level 3 spell: Mephitic Cloud
  1646 | D:2      | Noticed Sigmund
  1765 | D:2      | Found a shimmering blue altar of Sif Muna.
  2213 | D:2      | Reached XP level 4. HP: 21/27 MP: 1/8
  2218 | D:2      | Noticed Robin
  2237 | D:2      | Killed Robin
  2305 | D:2      | Reached skill level 1 in Air Magic
  3590 | D:3      | Noticed a big kobold
  3611 | D:3      | Killed a big kobold
  3612 | D:3      | Reached XP level 5. HP: 31/31 MP: 2/10
  3959 | D:2      | Killed Sigmund
  3960 | D:2      | Reached XP level 6. HP: 8/36 MP: 5/11
  5217 | D:5      | Entered Level 5 of the Dungeon
  5269 | D:5      | Found a staircase to the Ecumenical Temple.
  5278 | Temple   | Entered the Ecumenical Temple
  5296 | Temple   | Became a worshipper of Gozag Ym Sagoz the Greedy
  5694 | D:5      | Noticed a sky beast
  6029 | D:6      | Noticed Blork the orc
  6149 | D:6      | Killed Blork the orc
  6273 | D:6      | Noticed Prince Ribbit
  6291 | D:6      | Noticed Maggie
  6405 | D:6      | Noticed Eustachio
  6452 | D:6      | Reached XP level 7. HP: 41/41 MP: 5/13
  6656 | D:7      | Slain by an ice beast

Illustrated notes

Levels and vault maps discovered:
D:1:      minmay_arrival_arboretum_small, layout_loops_ring, nrook_mini_vaults,
          st_stairs_12, chequers_serial_rivers_small_3, minmay_split_cup_large
D:2:      layout_basic, lemuel_crystal_altar, minmay_misc_feat_room,
          uniq_sigmund, uniq_robin
D:3:      cheibrodos_thug_alley, layout_basic
D:4:      layout_layer_cave
D:5:      layout_cave_pools, minmay_temple_entry_grid, small_statue_intersection
D:6:      layout_basic, uniq_eustachio, uniq_prince_ribbit1, uniq_maggie,
          uniq_blork_the_orc
D:7:      layout_gridville, ebering_ghost_rock_garden, basic_altar,
          kennysheep_cross_room, chequers_decorated_corner
Temple:   minmay_crystal_snake_temple

Skill      XL: |  1  2  3  4  5  6 |
---------------+-------------------+-----
Stealth        | 3 4 |  4.6
Summonings     | 2 |  2.0
Conjurations   | 2 3 4 |  4.0
Air Magic      | 1 2 3 |  3.3
Spellcasting   | 4 |  4.0
Fighting       | |  0.1
Dodging        | |  2.0
Translocations | |  1.0

Action                   |  1- 3 |  4- 6 |  7- 9 || total
-------------------------+-------+-------+-------++-------
Melee: Dagger            |    21 |    39 |    10 ||    70
       Constrict         |     6 |    11 |     1 ||    18
       Tentacles         |     4 |    11 |     1 ||    16
 Cast: Magic Dart        |    75 |    77 |     1 ||   153
       Call Imp          |     6 |    46 |     8 ||    60
       Slow              |       |     1 |       ||     1
  Use: Scroll            |     1 |     8 |       ||     9
       Potion            |       |     1 |     4 ||     5
 Stab: Distracted        |       |     3 |       ||     3
       Sleeping          |       |     1 |       ||     1
Armor: Skin              |     1 |     1 |     1 ||     3
Dodge: Dodged            |    23 |    42 |     9 ||    74
